 Dungeon Crawl Stone Soup version 0.29-a0-542-g075992c915 (webtiles) character file.

Game seed: 8557232693047937483

93 happo123 the Sneak (level 4, 0/25 HPs)
             Began as a Kobold Enchanter on June 3, 2022.
             Slain by an orc
             ... wielding a +0 dagger
              (3 damage)
             ... on level 4 of the Dungeon.
             The game lasted 00:07:42 (3484 turns).

happo123 the Sneak (Kobold Enchanter)               Turns: 3484, Time: 00:07:43

Health: 0/25       AC:  2    Str:  5    XL:     4   Next: 91%
Magic:  1/8        EV: 15    Int: 18    God:
Gold:   337        SH:  0    Dex: 15    Spells: 0/8 levels left

rFire   + . .      SeeInvis .   k - +3 dagger (holy)
rCold   . . .      Faith    .   (no shield)
rNeg    + . .      Spirit   .   b - +0 robe
rPois   .          Reflect  .   (no helmet)
rElec   .          Harm     .   (no cloak)
rCorr   .          Rampage  .   (no gloves)
Will    +++..      Clarity  +   (no boots)
Stlth   ++++......              m - amulet of the Four Winds {rN+ Will+++ Clar}
HPRegen 0.08/turn               p - ring of protection from fire
MPRegen 0.11/turn               (no ring)

@: no status effects
A: small, no large weapons, nightstalker 3
a: no special abilities


You were on level 4 of the Dungeon.
You visited 1 branch of the dungeon, and saw 4 of its levels.

You collected 337 gold pieces.

Inventory:

Hand Weapons
 a - a +1 dagger
 k - a +3 dagger of holy wrath (weapon)
Armour
 b - a +0 robe (worn)
Jewellery
 m - the amulet of the Four Winds (around neck) {rN+ Will+++ Clar}
   (You found it on level 2 of the Dungeon)

   [amulet of nothing]

   rN:        It protects you from negative energy.
   Clar:      It protects you against confusion.
   Will:      It greatly increases your willpower.
 p - a ring of protection from fire (left hand)
Scrolls
 d - 2 scrolls of immolation {unknown}
 f - 5 scrolls of enchant armour {unknown}
 g - a scroll of acquirement {unknown}
 i - a scroll of blinking {unknown}
 l - 2 scrolls of identify {unknown}
 q - a scroll of torment {unknown}
 s - a scroll of noise {unknown}
Potions
 c - 2 potions of invisibility
 e - 2 potions of magic {unknown}
 h - a potion of cancellation {unknown}
 j - a potion of mutation {unknown}
 n - a potion of haste {unknown}
 o - 4 potions of curing {unknown}
 r - a potion of resistance {unknown}


   Skills:
 + Level 1.5 Fighting
 + Level 2.4 Short Blades
 + Level 2.9 Dodging
 + Level 4.7 Stealth
 + Level 2.7 Spellcasting
 * Level 3.6 Hexes


You couldn't memorise any spells.
You knew the following spells:

 Your Spells              Type           Power      Damage    Failure   Level
a - Ensorcelled Hibernat  Hex/Ice        18%        N/A       12%         2
b - Confusing Touch       Hex            15%        N/A       11%         3
c - Tukima's Dance        Hex            15%        N/A       11%         3

Your spell library contained the following spells:

 Spells                   Type           Power      Damage    Failure   Level
 Magic Dart               Conj           8%         1d3       17%         1
 Dazzling Flash           Conj/Hex       18%        N/A       24%         3
 Blink                    Tloc           4%         N/A       26%         2
 Searing Ray              Conj           4%         2d4       26%         2
 Fulminant Prism          Conj/Hex       4%         3d6       61%         4
 Manifold Assault         Tloc           2%         N/A       99%         5
 Storm Form               Tmut/Air       1%         N/A       100%        7


Dungeon Overview and Level Annotations

Branches:
Dungeon (4/15)
 Temple: D:4-7

Altars:
Zin


Innate Abilities, Weirdness & Mutations

You are small and have problems with some larger weapons.
You are completely attuned to the shadows.


Message History

The orc wizard hits itself but does no damage.
You hit the orc.
The orc is severely wounded.
The orc barely misses you.
You hit the orc.
You kill the orc!
The orc wizard hits you with a +0 dagger.
You don't have enough magic to cast this spell.
You puncture the orc!
You kill the orc!
The orc wizard hits you with a +0 dagger.
The orc wizard hits itself with a +0 dagger.
Your magical contamination has completely faded away.
Things that are here:
a +0 short sword; a +0 mace; an orc corpse You hit the orc but do no damage.
You closely miss the orc.
The orc wizard hits the orc with a +0 dagger.
The orc barely misses you.
You hit the orc.
You kill the orc!
You hit the orc but do no damage. The orc closely misses you.
The orc wizard hits you with a +0 dagger.
* * * LOW HITPOINT WARNING * * *
You hit the orc.
The orc is moderately wounded.
The orc wizard closely misses you. The orc closely misses you.
You hit the orc.
The orc is heavily wounded.
The orc wizard seems less confused.
The orc wizard hits you with a +0 dagger.
* * * LOW HITPOINT WARNING * * *
The orc closely misses you.
You closely miss the orc.
The orc is heavily wounded.
The orc hits you but does no damage. The orc wizard misses you.
You hit the orc.
The orc is almost dead.
The orc hits you with a +0 dagger.
You die...

#..#
##.##
#..#
##.##
#..#
##.##
#?.#
##o##
#@:#
##o#
...
#..#
..#


You could see an orc wizard and an orc.

Vanquished Creatures
  3 adders (D:2)
  3 worms
  3 dart slugs (D:1)
  3 orcs (D:4)
  An endoplasm (D:1)
  5 giant cockroaches
  4 goblins
  2 hobgoblins (D:2)
  5 kobolds
  A quokka (D:4)
  3 ball pythons
  7 bats
  5 frilled lizards
  5 rats
50 creatures vanquished.

Vanquished Creatures (others)
  9 plants (D:2)
9 creatures vanquished.

Grand Total: 59 creatures vanquished

Notes
Turn   | Place    | Note
-------+----------+-------------------------------------------
     0 | D:1      | happo123 the Kobold Enchanter began the quest for the Orb.
     0 | D:1      | Reached XP level 1. HP: 10/10 MP: 3/3
    33 | D:1      | Found a faded altar of an unknown god.
    86 | D:1      | Reached XP level 2. HP: 9/15 MP: 5/5
    96 | D:1      | Learned a level 2 spell: Ensorcelled Hibernation
  1003 | D:1      | Reached XP level 3. HP: 14/20 MP: 1/6
  1007 | D:1      | Learned a level 3 spell: Confusing Touch
  1587 | D:2      | Found the amulet of the Four Winds {rN+ Will+++ Clar}
  1703 | D:2      | Reached skill level 1 in Fighting
  1825 | D:2      | Reached XP level 4. HP: 13/25 MP: 1/7
  2577 | D:3      | Learned a level 3 spell: Tukima's Dance
  2909 | D:3      | Found a glowing silver altar of Zin.
  3484 | D:4      | Slain by an orc

Illustrated notes

Levels and vault maps discovered:
D:1:      amcnicky_arrival_choice, layout_loops_corners,
          dreamdust_ecumenical_altar_angels_and_demons
D:2:      layout_loops_cross, serial_bayou, serial_bayou_lake_a,
          serial_bayou_pond_c, serial_bayou_pond_a, serial_bayou_pond_a
D:3:      minmay_wonky_spiral, layout_rooms, zin_statuary
D:4:      layout_basic, minmay_misc_feat_alley, roderic_malta_cross,
          minmay_misc_feat_enclosed

Skill      XL: |  1  2  3 |
---------------+----------+-----
Short Blades   | 2 |  2.4
Fighting       | 1 |  1.5
Dodging        | |  2.9
Stealth        | |  4.7
Spellcasting   | |  2.7
Hexes          | |  3.6

Action                   |  1- 3 |  4- 6 || total
-------------------------+-------+-------++-------
Melee: Dagger            |    62 |    46 ||   108
 Cast: Ensorcelled Hiber |     9 |     3 ||    12
       Confusing Touch   |       |     1 ||     1
 Stab: Sleeping          |    15 |    11 ||    26
Armor: Robe              |     7 |     4 ||    11
Dodge: Dodged            |    38 |    26 ||    64

Table legend: (Time is in decaauts)
 A = Elapsed time spent in this place.
 B = Non-inter-level travel time spent in this place.
 C = Inter-level travel time spent in this place.
 D = Time resting spent in this place.
 E = Time spent auto-exploring this place.
 F = Levels seen in this place.
 G = Mean time per level.
                   A        B        C        D        E       F      G
               +--------+--------+--------+--------+--------+-----+--------+
         Total |   3556 |   3284 |    272 |      0 |   2865 |   4 |  889.0 |
       Dungeon |   3556 |   3284 |    272 |      0 |   2865 |   4 |  889.0 |
               +--------+--------+--------+--------+--------+-----+--------+

Top non-repeatable levels by time:
     D:1: 1472 daAuts
     D:2: 1212 daAuts
     D:3: 641 daAuts
     D:4: 229 daAuts
